Map: Kairos Junction LE

Players

TiPtOP - Winner!

  • Race: Terran Terran
  • League: Silver
  • Spawn Location: 5:00

Illusion

  • Race: Zerg Zerg
  • League: Silver
  • Spawn Location: 11:00

VOD

Have the link to the VOD?

Description

Time

  • Played on: May 11, 2019, 11:26 p.m.
  • Length: 11:36
Show
View Real Time Build Order
Export as new Build Order

TiPtOP Terran - Winner!

Build Orders:  

Get SALT Encoding   

  12  0:01  SCV  
  13  0:14  SCV  
  14  0:18  Supply Depot  
  14  0:26  SCV  
  15  0:40  SCV  
  16  0:44  Barracks  
  16  0:52  SCV  
  17  1:04  SCV  
  17  1:09  Refinery  
  18  1:22  Barracks  
  18  1:24  SCV  
  19  1:40  Command Center  
  19  1:46  Marine  
  20  1:52  SCV  
  21  1:58  Supply Depot  
  21  2:10  SCV  
  21  2:13  Barracks Tech Lab  
  22  2:21  Barracks Reactor  
  22  2:33  Orbital Command  
  21  3:04  Marine x2  
  23  3:08  Orbital Command  
  23  3:09  SCV  
  24  3:21  SCV  
  24  3:22  Factory  
  25  3:45  SCV x2  
  27  3:49  Marine x2  
  27  3:50  Marine  
  27  3:52  Stimpack  
  30  3:57  SCV  
  30  4:01  Engineering Bay  
  31  4:07  SCV  
  33  4:10  SCV  
  33  4:11  Marine x3  
  33  4:16  Factory Reactor  
  36  4:21  Starport  
  36  4:25  Refinery  
  36  4:26  SCV  
  36  4:30  SCV  
  38  4:38  SCV, Supply Depot  
  39  4:42  SCV  
  40  4:47  Marine x3  
  43  4:54  SCV  
  43  4:59  Supply Depot  
  44  5:03  Supply Depot  
  44  5:13  Terran Infantry Weapons Level 1, Barracks  
  44  5:14  Factory Tech Lab  
  44  5:16  Marine x3  
  47  5:35  Medivac  
  49  5:40  Marine x3  
  52  5:46  Medivac  
  54  5:51  Refinery  
  54  5:52  SCV x2  
  56  6:01  Marine x3  
  56  6:04  SCV x2  
  60  6:06  Combat Shield  
  61  6:15  Supply Depot  
  61  6:20  Barracks Reactor  
  61  6:29  Engineering Bay  
  61  6:36  SCV x2  
  61  6:38  Marine  
  61  6:39  Marine x2  
  66  6:43  Siege Tank  
  69  6:48  SCV  
  70  7:04  SCV x2, Supply Depot  
  72  7:16  SCV  
  72  7:18  Command Center  
  73  7:23  Medivac x2  
  73  7:28  Supply Depot  
  77  7:38  Siege Tank  
  80  7:47  Marine  
  80  7:48  Marine x2  
  80  7:49  Marine  
  80  7:50  Supply Depot  
  84  8:14  Missile Turret  
  84  8:22  Missile Turret, Liberator x2  
  84  8:24  SCV  
  84  8:25  Refinery  
  85  8:28  Missile Turret  
  85  8:34  Marine  
  85  8:35  Marine x4  
  85  8:36  SCV  
  85  8:37  Siege Tank  
  100  8:43  Missile Turret  
  100  8:50  Missile Turret  
  100  9:09  Siege Tank, Marine x4  
  107  9:18  SCV x2  
  109  9:30  SCV  
  109  9:31  SCV  
  111  9:43  SCV  
  112  10:01  Armory  
  112  10:10  Supply Depot  
  92  10:48  Marine x5  
  97  10:50  Siege Tank  
Show
View Real Time Build Order
Export as new Build Order

Illusion Zerg 

Build Orders: Hatch First 

Get SALT Encoding   

  12  0:03  Drone  
  13  0:12  Overlord  
  13  0:23  Drone  
  14  0:31  Drone x2  
  16  0:36  Drone  
  17  0:44  Extractor  
  16  0:58  Hatchery  
  15  1:05  Drone  
  16  1:15  Spawning Pool  
  15  1:19  Drone  
  15  1:23  Drone  
  17  1:27  Drone  
  18  1:37  Drone  
  19  2:06  Queen  
  21  2:09  Zergling x2  
  21  2:10  Zergling x4  
  21  2:12  Zergling x2  
  25  2:16  Queen  
  25  2:22  Drone  
  28  2:24  Overlord  
  28  2:43  Drone x2  
  30  2:56  Overlord  
  30  2:57  Overlord  
  30  3:14  Overlord x2  
  30  3:18  Drone x3  
  33  3:26  Lair  
  33  3:28  Queen  
  33  3:30  Drone  
  36  3:39  Baneling Nest  
  35  3:42  Drone, Extractor  
  35  3:43  Drone x2  
  35  3:45  Drone x2  
  35  3:47  Drone  
  35  3:48  Drone x2  
  42  4:09  Queen  
  44  4:17  Evolution Chamber  
  44  4:21  Evolution Chamber, Drone x2  
  44  4:23  Drone  
  44  4:24  Drone x3  
  48  4:28  Overlord  
  48  4:31  Drone x4  
  52  4:42  Hydralisk Den  
  51  4:50  Extractor  
  50  4:53  Drone  
  50  4:54  Drone  
  52  5:06  Zergling x8  
  56  5:17  Grooved Spines  
  56  5:18  Zerg Missile Weapons Level 1  
  56  5:20  Zerg Ground Armor Level 1  
  56  5:23  Hydralisk x6  
  68  5:32  Metabolic Boost  
  68  5:48  Hatchery  
  67  5:53  Overlord x2  
  67  6:10  Queen x2  
  71  6:28  Spire  
  71  6:29  Muscular Augments  
  70  6:34  Hydralisk  
  70  6:35  Hydralisk x3  
  70  6:38  Overlord  
  78  6:47  Queen  
  78  6:49  Queen  
  82  7:18  Queen  
  82  7:20  Drone  
  82  7:21  Drone  
  86  7:24  Overlord  
  86  7:27  Pneumatized Carapace  
  86  7:55  Drone x3  
  89  8:01  Hydralisk x3  
  89  8:02  Hydralisk x5  
  105  8:14  Infestation Pit  
  104  8:29  Overseer  
  104  8:41  Drone  
  104  8:42  Drone  
  104  8:46  Overlord x3  
  104  8:47  Overlord  
  106  8:55  Burrow  
  106  10:00  Mutalisk x6  
  106  10:01  Mutalisk x3  
  111  10:28  Hydralisk x5  
  84  10:40  Zergling x16  
  84  10:41  Zergling x14  
  99  10:51  Zergling x2  
Tags
 
Add a new tag
Caveats
  • Supply blocks, unpowered buildings, or Contaminate may cause inaccurate times.
  • Supply counts are checked every 10 seconds.